 Dungeon Crawl Stone Soup version 0.26-a0-363-gf1efd62 (webtiles) character file.

Game seed: 10903046360077642705

185 HarryHood the Ruffian (level 5, 33/33 HPs)
             Began as a Gargoyle Monk on July 16, 2020.
             Quit the game on level 4 of the Dungeon on July 19, 2020.
             The game lasted 00:10:34 (2795 turns).

HarryHood the Ruffian (Gargoyle Monk)               Turns: 2795, Time: 00:10:35

Health: 33/33      AC: 11    Str: 15    XL:     5   Next: 64%
Magic:  5/5        EV: 10    Int: 11    God:
Gold:   176        SH:  0    Dex: 12    Spells: 4/4 levels left

rFire    . . .     SeeInvis .     - Unarmed
rCold    + . .     Faith    .   (no shield)
rNeg     + . .     Spirit   .   m - +0 scale mail
rPois    ∞         Reflect  .   (no helmet)
rElec    +         Harm     .   p - scarf {+Inv}
rCorr    .                      (no gloves)
MR       .....                  j - +0 pair of boots
Stlth    +.........             e - amulet of magic regeneration {@e1}
HPRegen  0.11/turn              o - ring of protection from cold
MPRegen  0.34/turn              (no ring)

@: no status effects
A: negative energy resistance 1, electricity resistance, unbreathing,
petrification resistance, rot immunity, AC +4
a: Evoke Invisibility


You were on level 4 of the Dungeon.
You visited 1 branch of the dungeon, and saw 4 of its levels.

You collected 176 gold pieces.

Inventory:

Hand Weapons
 b - a +1 hunting sling
Missiles
 c - 11 stones (quivered)
Armour
 j - a +0 pair of boots (worn)
 m - a +0 scale mail (worn)
 p - a scarf of invisibility (worn)
Jewellery
 e - an amulet of magic regeneration (around neck) {@e1}
 o - a ring of protection from cold (left hand)
Scrolls
 a - 2 scrolls of blinking {@r7}
 g - 2 scrolls of teleportation {@r0}
 k - 3 scrolls of remove curse {@r1}
 q - a scroll of immolation {unknown}
 r - 4 scrolls of identify
 t - 2 scrolls of enchant armour {unknown}
Potions
 d - 3 potions of curing {@q2}
 f - a potion of degeneration {unknown}
 h - a potion of flight {unknown}
 i - 2 potions of stabbing {unknown}
 l - 2 potions of brilliance {unknown}
 n - a potion of lignification {unknown}
 s - a potion of cancellation {unknown}
 u - a potion of ambrosia {unknown}


   Skills:
 + Level 3.6 Fighting
 - Level 2.4 Dodging
 - Level 2.1 Stealth
 - Level 6.0 Unarmed Combat


You had 4 spell levels left.
You didn't know any spells.
Your spell library was empty.

Dungeon Overview and Level Annotations

Branches:
Dungeon (4/15)
 Temple: D:4-7

Altars:
Dithmenos
Gozag
Uskayaw


Innate Abilities, Weirdness & Mutations

You are resistant to torment.
Your stone body is resilient. (AC +4)
You are immune to poison.
You resist negative energy. (rN+)
You are resistant to electric shocks. (rElec)
You can survive without breathing.
You are immune to petrification.
You are immune to rotting.


Message History

There is an open door here.
You see here 22 arrows.
r - 4 scrolls of identify (gained 1)
Found a shadowy altar of Dithmenos.
There is an open door here.
Found a scroll of remove curse.
A quokka comes into view.
You hit the quokka.
The quokka bites you but does no damage.
You closely miss the quokka. The quokka completely misses you.
You hit the quokka but do no damage. Your punch misses the quokka.
The quokka bites you but does no damage.
You hit the quokka.
You kill the quokka!
Found a white potion.
You see here a hunting sling.
k - 3 scrolls of remove curse {@r1} (gained 1)
l - 2 white potions (gained 1)
Found a stone staircase leading up.
Found a stone staircase leading down.

######.## #.......#
#.####### #.####### ###
#.......# #.# #######.#
#######.## #######.#
+......+...>.....#
#.......# #......# #@.#
#.####### #......#
#.####.####.# #......#
#.......#...# #......#
######....#######
#......#########..........#
#............#.....#....#.#
#............#.##..#)##.#.#
#............#..........#.#
###†##.......####....#....#


There were no monsters in sight!

Vanquished Creatures
  A howler monkey (D:4)
  5 adders
  2 oozes
  3 worms
  A dart slug (D:2)
  3 leopard geckos (D:1)
  7 orcs
  9 bats
  A giant cockroach (D:1)
  5 goblins
  10 hobgoblins
  4 jackals
  3 quokkas
  A ball python (D:3)
  2 frilled lizards
  6 kobolds
  10 rats
73 creatures vanquished.

Notes
Turn   | Place    | Note
-------+----------+-------------------------------------------
     0 | D:1      | HarryHood the Gargoyle Monk began the quest for the Orb.
     0 | D:1      | Reached XP level 1. HP: 14/14 MP: 1/1
    51 | D:1      | Reached XP level 2. HP: 19/19 MP: 2/2
   517 | D:1      | Reached skill level 4 in Unarmed Combat
   699 | D:1      | Reached XP level 3. HP: 23/23 MP: 3/3
   869 | D:1      | Upgraded the game from 0.26-a0-340-g8c663ee to
                  | 0.26-a0-357-gd2331e5
  1103 | D:2      | Reached XP level 4. HP: 24/28 MP: 4/4
  1265 | D:2      | Reached skill level 5 in Unarmed Combat
  2072 | D:3      | Reached XP level 5. HP: 31/32 MP: 5/5
  2238 | D:3      | Found a hide-covered altar of Uskayaw.
  2240 | D:3      | Found an opulent altar of Gozag.
  2525 | D:4      | Reached skill level 6 in Unarmed Combat
  2543 | D:4      | Upgraded the game from 0.26-a0-357-gd2331e5 to
                  | 0.26-a0-363-gf1efd62
  2656 | D:4      | Found a shadowy altar of Dithmenos.
  2795 | D:4      | Quit the game

Illustrated notes

Levels and vault maps discovered:
D:1:      lightli_arrival_isolated_outpost, layout_basic, st_stairs_5
D:2:      layout_rooms
D:3:      layout_loops_cross, nicolae_overflow_hidden_temple
D:4:      layout_basic, lemuel_doored_altar, led_sif_pool

Skill      XL: |  1  2  3  4  5 |
---------------+----------------+-----
Unarmed Combat | 4 5 6 |  6.0
Fighting       | |  3.6
Dodging        | |  2.4
Stealth        | |  2.1

Action                   |  1- 3 |  4- 6 || total
-------------------------+-------+-------++-------
Melee: Unarmed           |   111 |   155 ||   266
       Punch             |     2 |     4 ||     6
  Use: Scroll            |     2 |     3 ||     5
 Stab: Sleeping          |     1 |       ||     1
Armor: Robe              |     3 |       ||     3
       Ring mail         |    39 |    18 ||    57
       Scale mail        |       |    60 ||    60
Dodge: Dodged            |    58 |    75 ||   133

Table legend:
 A = Non-vault XP
 B = Vault XP
 C = Vault XP percentage of total XP
 D = Non-vault monster count
 E = Vault monster count
 F = Vault count percentage of total count
                 A         B        C        D         E       F
            +---------+---------+-------+---------+---------+-------
      Total |     256 |       9 |   3.4 |      69 |       4 |   5.5
            +---------+---------+-------+---------+---------+-------
        D:1 |      45 |       9 |  16.7 |      27 |       4 |  12.9
        D:2 |      76 |       0 |   0.0 |      17 |       0 |   0.0
        D:3 |      46 |       0 |   0.0 |      17 |       0 |   0.0
        D:4 |      89 |       0 |   0.0 |       8 |       0 |   0.0
            +---------+---------+-------+---------+---------+-------
